Construct Section Command Post
Selects Heavy Armor Battlegroup
Selects Rigorous Vehicle Training
Construct Platoon Command Post
Unlock M3 Stuart Light Tanks
Selects Crusader AA Medium Tank
Unlock Bishop Self-propelled Artillery
Bishop Self-propelled Artillery
Selects Churchill Black Prince Heavy Tank
Selects Light Vehicle Withdraw and Refit
Light Vehicle Withdraw and Refit
Churchill Black Prince Heavy Tank
Selects Forward Repair Assembly
Churchill Black Prince Heavy Tank